 Dungeon Crawl Stone Soup version 0.29.1-15-g9cfb28693d (webtiles) character file.

Game seed: 4168938790099269599

112696 BuddhaDhamma the Axe Maniac (level 16, 0/115 HPs)
             Began as a Minotaur Berserker on Mar 4, 2023.
             Was the Champion of Trog.
             Blown up by an orb spider (29 damage)
             ... with a wavering orb of destruction
             ... on level 3 of the Spider Nest.
             The game lasted 00:45:33 (22739 turns).

BuddhaDhamma the Axe Maniac (Minotaur Berserker)   Turns: 22739, Time: 00:45:33

Health: 0/115      AC: 37    Str: 28    XL:     16   Next: 12%
Magic:  7/15       EV: 10    Int:  8    God:    Trog [******]
Gold:   2233       SH:  0    Dex: 19    Spells: 15/15 levels left

rFire   + . .      SeeInvis .   y - +4 executioner's axe of Qoklyff {spect, Dex+4}
rCold   + . .      Faith    .   (shield currently unavailable)
rNeg    . . .      Spirit   .   n - +1 plate armour of Ignis's Anger {Int+4 Dex+3 Slay+3}
rPois   +          Reflect  .   e - +2 hat {Stlth+}
rElec   +          Harm     .   w - +2 cloak
rCorr   +          Rampage  .   g - +2 pair of gloves {infuse}
Will    +....                   E - +2 pair of boots
Stlth   ..........              l - amulet of regeneration
HPRegen 1.09/turn               N - +4 ring of protection
MPRegen 0.14/turn               r - ring of poison resistance

@: resistant
A: horns 2, retaliatory headbutt
a: Renounce Religion, Berserk, Trog's Hand, Brothers in Arms


You were on level 3 of the Spider Nest.
You worshipped Trog.
Trog was exalted by your worship.
You visited 3 branches of the dungeon, and saw 23 of its levels.
You also visited: Bailey.

You collected 2779 gold pieces.
You spent 546 gold pieces at shops.

Inventory:

Hand Weapons
 y - the +4 executioner's axe of Qoklyff (weapon) {spect, Dex+4}
   (You acquired it on level 7 of the Dungeon)

   When its wielder attacks, the weapon's spirit leaps out and strikes again.
   The spirit shares a part of any damage it takes with its wielder.
   Dex:       It affects your dexterity (+4).
 Y - a +5 executioner's axe of venom
Missiles
 j - 9 curare-tipped darts (quivered)
Armour
 e - a +2 hat of stealth (worn)
 g - a +2 pair of gloves of infusion (worn)
 n - the +1 plate armour of Ignis's Anger (worn) {Int+4 Dex+3 Slay+3}
   (You found it on level 5 of the Dungeon)

   Int:       It affects your intelligence (+4).
   Dex:       It affects your dexterity (+3).
   Slay:      It affects your accuracy & damage with ranged weapons and melee
   (+3).
 w - a +2 cloak (worn)
 E - a +2 pair of boots (worn)
Jewellery
 c - a +4 ring of protection
 l - an amulet of regeneration (around neck)
 r - a ring of poison resistance (right hand)
 x - a ring of protection from cold
 F - an amulet of reflection
 G - a ring of protection from fire
 N - a +4 ring of protection (left hand)
 T - a ring of positive energy
Wands
 f - a wand of iceblast (12)
 k - a wand of polymorph (3)
 H - a wand of digging (9)
 L - a wand of acid (13)
 M - a wand of flame (11)
 R - a wand of paralysis (9)
 U - a wand of mindburst (12)
Scrolls
 a - a scroll of enchant armour
 m - 6 scrolls of butterflies
 o - 6 scrolls of blinking
 p - 3 scrolls of fear
 B - 4 scrolls of magic mapping
 C - 16 scrolls of identify
 D - 7 scrolls of teleportation
 I - 2 scrolls of poison
 O - 2 scrolls of summoning
 X - a scroll of silence
Potions
 b - 2 potions of berserk rage
 d - 4 potions of cancellation
 h - 9 potions of curing
 i - 3 potions of haste
 t - 4 potions of invisibility
 A - 4 potions of flight
 K - 2 potions of might


   Skills:
 - Level 3.6 Fighting
 O Level 27 Axes
 + Level 20.2 Armour
 - Level 2.1 Dodging


You had 15 spell levels left.
You didn't know any spells.
Your spell library was empty.

Dungeon Overview and Level Annotations

Branches:
Dungeon (15/15)            Temple (0/1) D:5            Lair (5/5) D:9
  Swamp (0/4) Lair:3       Spider (3/4) Lair:2        Slime (0/5) Lair:4
    Orc (0/2) D:12         Vaults (0/5) D:13         Bailey (visited)
 Depths: D:15

Altars:
Ashenzari
Cheibriados
Elyvilon
Hepliaklqana
Nemelex Xobeh
Okawaru
Qazlal
Ru
Sif Muna
Uskayaw
Vehumet
Wu Jian
Xom
The Shining One

Shops:
D:1 ?   D:2 (([(   D:6 [*   D:7 ?   D:14 *!*

Portals:
Trove: D:11 (give sceptre of Torment)

Annotations:
D:5 2 runed translucent doors


Innate Abilities, Weirdness & Mutations

You have a pair of horns on your head.
You reflexively headbutt those who attack you in melee.


Message History

The culicivora disappears in a puff of smoke!
The jumping spider leaps!
The orb spider pulsates with a strange energy.
The jumping spider leaps!
The orb spider spins a strand of pure energy.
Found a potion of lignification.
The jumping spider leaps!
The redback attacks as you move away!
The redback bites you but does no damage.
The orb spider weaves a glowing orb of energy.
The wavering orb of destruction weakly hits you!
* * * LOW HITPOINT WARNING * * *
You feel protected.
The jumping spider leaps!
The redback bites you but does no damage. x2
The orb spider begins to weave its threads into a brightly glowing ball.
The redback barely misses you.
The redback bites you but does no damage.
The orb spider weaves a glowing orb of energy.
The wavering orb of destruction weakly hits you but does no damage.
The redback bites you but does no damage.
You chop the orb spider into pieces!!!
You kill the orb spider!
Trog accepts your kill.
You barely miss the redback.
Your +4 executioner's axe of Qoklyff {spect, Dex+4} hits the redback!!
You kill the redback!
Trog accepts your kill.
The orb spider weaves a glowing orb of energy.
You have mastered Axes!
An orb of destruction comes into view.
The orb of destruction hits a rock wall.
The jumping spider leaps!
The orb spider begins to weave its threads into a brightly glowing ball.
The jumping spider leaps!
The jumping spider leaps!
The jumping spider leaps!
The orb spider weaves a glowing orb of energy.
An orb of destruction comes into view.
The wavering orb of destruction hits you!!
You die...

##.....#^.. ##$ #.
.......#..####.... #.
............#....#######<
............#..........#.
.....°..s..##.........##.
#####.........>..^...##..
...........°......####..†
......s○..........^......
###.....@##...........†..
#.^.......#..#...........
##...#....##.#....#......
.....#.....###....#<.....
....###..... #....##....#
...# .......#.....#.....
### .......##....##....
..##.....##...##....
#..^.##.^.


You could see an orb spider and a jumping spider.

Vanquished Creatures
  Gastronok (D:9)
  2 emperor scorpions
  2 broodmothers
  An entropy weaver (Spider:3)
  Josephine (D:12)
  A fire dragon (Lair:5)
  An ice dragon (Lair:5)
  Harold (D:10)
  A jorogumo (Spider:2)
  10 hydras
  A catoblepas (Lair:4)
  2 centaur warriors (D:13)
  9 two-headed ogres
  5 boulder beetles
  A radroach (Spider:2)
  A death knight (D:14)
  3 tengu warriors (D:14)
  8 death yaks
  Urug (Lair:2)
  Nergalle (D:10)
  A fire crab (Lair:5)
  3 pharaoh ants
  4 skeletal warriors (D:13)
  7 steelbarb worms
  9 orb spiders
  Pikel (D:5)
  12 wolf spiders
  3 cyclopes
  An ugly thing (D:13)
  3 manticores
  3 moths of wrath
  Maurice (D:13)
  Joseph (Lair:1)
  5 black mambas
  12 elephants
  3 molten gargoyles (Lair:5)
  7 cane toads
  A gargoyle (D:12)
  3 torpor snails
  A kobold demonologist (D:5)
  An unseen horror (D:11)
  Maggie (D:9)
  5 rime drakes
  4 demonic crawlers
  10 komodo dragons
  3 meliai (D:14)
  7 trolls
  6 tarantellas
  2 hornets
  2 polar bears
  20 blink frogs
  17 dream sheep
  23 jumping spiders
  15 culicivoras
  Sigmund (D:2)
  7 wyverns
  4 vampires
  4 basilisks
  8 wraiths
  A yak (shapeshifter) (D:14)
  46 yaks
  13 vampire mosquitoes
  28 redbacks
  Grum (D:9)
  3 steam dragons (Lair:5)
  Menkaure (D:4)
  4 acid dragons
  10 water moccasins
  5 hell hounds (Lair:5)
  2 ice beasts
  12 orc warriors
  4 sky beasts
  A black bear (Lair:4)
  3 ogres
  A phantom (D:6)
  23 wolves
  12 centaurs
  2 lemures (D:5)
  A kobold brigand (D:10)
  9 bullfrogs
  5 scorpions
  8 wights
  4 killer bees (D:7)
  4 howler monkeys
  2 electric eels
  5 lava snakes (Lair:5)
  6 orc priests
  4 jellies
  A gnoll bouda (D:5)
  2 hounds
  7 iguanas
  10 orc wizards
  11 gnolls
  14 adders
  A shadow imp (D:8)
  4 white imps
  2 ufetubi (D:5)
  A worm (D:2)
  2 dart slugs
  48 orcs
  8 endoplasms
  4 giant cockroaches
  9 goblins
  8 hobgoblins
  8 quokkas
  6 ball pythons
  5 bats
  3 frilled lizards (D:1)
  11 kobolds
  4 rats
  A spectral orc (D:11)
  2 plants (Lair:5)
666 creatures vanquished.

Vanquished Creatures (others)
  An orb spider (Spider:2)
  15 fungi
  35 plants
51 creatures vanquished.

Grand Total: 717 creatures vanquished

Notes
Turn   | Place    | Note
-------+----------+-------------------------------------------
     0 | D:1      | BuddhaDhamma the Minotaur Berserker began the quest for the
                  | Orb.
     0 | D:1      | Reached XP level 1. HP: 19/19 MP: 0/0
    79 | D:1      | Reached skill level 4 in Axes
   172 | D:1      | Reached XP level 2. HP: 25/26 MP: 1/1
   413 | D:1      | Found Duarchesch's Magic Scroll Shoppe.
   531 | D:1      | Reached skill level 5 in Axes
   554 | D:1      | Reached ** piety under Trog
   560 | D:1      | Reached XP level 3. HP: 30/31 MP: 0/2
  1189 | D:2      | Found Huohocs's Antique Weapon Shoppe.
  1422 | D:2      | Found Qiny's Weapon Boutique.
  1429 | D:2      | Reached skill level 6 in Axes
  1429 | D:2      | Reached XP level 4. HP: 39/39 MP: 0/3
  1585 | D:2      | Found Venumoam's Armour Shop.
  1829 | D:2      | Found Riasey's Antique Weapon Shoppe.
  1954 | D:2      | Noticed Sigmund
  1963 | D:2      | Killed Sigmund
  1964 | D:2      | Reached skill level 8 in Axes
  1964 | D:2      | Reached XP level 5. HP: 45/45 MP: 0/4
  1964 | D:2      | Reached XP level 6. HP: 51/51 MP: 0/5
  2030 | D:2      | Bought a war axe for 98 gold pieces
  3059 | D:3      | Found a faded altar of an unknown god.
  3460 | D:4      | Reached skill level 9 in Axes
  3834 | D:4      | Reached XP level 7. HP: 57/57 MP: 2/6
  3835 | D:4      | Reached *** piety under Trog
  3895 | D:4      | Noticed Menkaure
  3898 | D:4      | Killed Menkaure
  3899 | D:4      | Reached skill level 10 in Axes
  4395 | D:5      | Entered Level 5 of the Dungeon
  4501 | D:5      | Reached skill level 11 in Axes
  4552 | D:5      | Found a staircase to the Ecumenical Temple.
  4724 | D:5      | Found a large runed translucent door.
  4724 | D:5      | Found a large runed translucent door.
  4726 | D:5      | Noticed Pikel
  4731 | D:5      | Found a large runed translucent door.
  4731 | D:5      | Found a large runed translucent door.
  4898 | D:5      | Noticed a hornet
  4905 | D:5      | Reached XP level 8. HP: 59/64 MP: 1/7
  4909 | D:5      | Paralysed by a hornet for 1 turns
  4916 | D:5      | Paralysed by a hornet for 3 turns
  4919 | D:5      | Killed a hornet
  4920 | D:5      | Reached skill level 12 in Axes
  4996 | D:5      | Identified the +1 plate armour of Ignis's Anger {Int+4
                  | Dex+3 Slay+3}
  5141 | D:5      | Reached skill level 13 in Axes
  5178 | D:5      | Noticed a kobold demonologist
  5183 | D:5      | Killed a kobold demonologist
  5334 | D:5      | Reached skill level 14 in Axes
  5663 | D:5      | Reached XP level 9. HP: 70/70 MP: 0/8
  5670 | D:5      | Killed Pikel
  5671 | D:5      | Reached skill level 15 in Axes
  5679 | D:5      | Identified the +4 chain mail of the Dice {Harm rPois rN+
                  | Dex+2}
  5823 | D:6      | Found Axtiexe's Lightly-Used Armoury.
  5854 | D:6      | Reached **** piety under Trog
  5891 | D:6      | Found Keg Achu's Antique Armour Shoppe.
  6080 | D:6      | Reached skill level 16 in Axes
  6812 | D:7      | Found a stormy altar of Qazlal.
  6831 | D:7      | Found a glowing golden altar of the Shining One.
  6837 | D:7      | Reached skill level 17 in Axes
  6911 | D:7      | Reached XP level 10. HP: 77/77 MP: 6/9
  7045 | D:7      | Found a white marble altar of Elyvilon.
  7120 | D:7      | Found a shimmering altar of Xom.
  7140 | D:7      | Found Dib Zopp's Magic Scroll Shoppe.
  7146 | D:7      | Bought a scroll of enchant armour for 97 gold pieces
  7181 | D:7      | Noticed a +0 short sword
  7183 | D:7      | Noticed a +0 falchion
  7183 | D:7      | Noticed a +0 spear
  7184 | D:7      | Noticed a +0 dagger
  7184 | D:7      | Noticed a +0 dagger
  7184 | D:7      | Noticed a +0 falchion
  7184 | D:7      | Noticed a +0 short sword
  7185 | D:7      | Noticed a +0 spear
  7186 | D:7      | Found a hide-covered altar of Uskayaw.
  7226 | D:7      | Found a shimmering blue altar of Sif Muna.
  7282 | D:7      | Found an iron altar of Okawaru.
  7362 | D:7      | Found a flagged portal.
  7390 | Bailey   | Entered a bailey
  7828 | D:7      | Found a snail-covered altar of Cheibriados.
  7830 | D:7      | Found a broken altar of Ashenzari.
  7840 | D:7      | Found a radiant altar of Vehumet.
  8088 | D:7      | Identified 3 scrolls of acquirement
  8088 | D:7      | Acquired 998 gold pieces
  8089 | D:7      | Acquired a +3 executioner's axe of freezing
  8090 | D:7      | Acquired the +4 executioner's axe of Qoklyff {spect, Dex+4}
  8290 | D:8      | Found a sparkling altar of Nemelex Xobeh.
  8302 | D:8      | Reached skill level 18 in Axes
  8306 | D:8      | Reached ***** piety under Trog
  8685 | D:9      | Noticed Grum
  8696 | D:9      | Reached skill level 19 in Axes
  8696 | D:9      | Noticed Gastronok
  8699 | D:9      | Killed Grum
  8709 | D:9      | Killed Gastronok
  8864 | D:9      | Found a sacrificial altar of Ru.
  8871 | D:9      | Reached XP level 11. HP: 82/82 MP: 7/10
  9071 | D:9      | Reached skill level 20 in Axes
  9148 | D:9      | Found a staircase to the Lair.
  9303 | D:9      | Noticed Maggie
  9306 | D:9      | Killed Maggie
  9410 | D:10     | Entered Level 10 of the Dungeon
  9478 | D:10     | Reached skill level 5 in Armour
  9536 | D:10     | Noticed Nergalle
  9544 | D:10     | Killed Nergalle
  9617 | D:10     | Noticed a two-headed ogre
  9625 | D:10     | Killed a two-headed ogre
  9926 | D:10     | Found an ornate altar of the Wu Jian Council.
 10060 | D:10     | Noticed Harold
 10070 | D:10     | Killed Harold
 10221 | D:10     | Noticed a two-headed ogre
 10226 | D:10     | Killed a two-headed ogre
 10227 | D:10     | Reached skill level 21 in Axes
 10334 | D:11     | Noticed a boulder beetle
 10345 | D:11     | Killed a boulder beetle
 10345 | D:11     | Received a gift from Trog
 10346 | D:11     | Noticed a two-headed ogre
 10354 | D:11     | Noticed a two-headed ogre
 10355 | D:11     | Reached XP level 12. HP: 37/90 MP: 3/11
 10356 | D:11     | Killed a two-headed ogre
 10453 | D:11     | Killed a two-headed ogre
 10591 | D:11     | Noticed a two-headed ogre
 10597 | D:11     | Killed a two-headed ogre
 10730 | D:11     | Found a portal to a secret trove of treasure.
 10753 | D:11     | Noticed a two-headed ogre
 10764 | D:11     | Killed a two-headed ogre
 10970 | D:11     | Reached skill level 10 in Armour
 11002 | D:11     | Found a hazy altar of Hepliaklqana.
 11345 | D:12     | Noticed Josephine
 11354 | D:12     | Killed Josephine
 11374 | D:12     | Reached skill level 22 in Axes
 11582 | D:12     | Noticed a boulder beetle
 11588 | D:12     | Killed a boulder beetle
 11805 | D:12     | Found a staircase to the Orcish Mines.
 12175 | Lair:1   | Entered Level 1 of the Lair of Beasts
 12529 | Lair:1   | Noticed Joseph
 12539 | Lair:1   | Killed Joseph
 12818 | Lair:2   | Received a gift from Trog
 12842 | Lair:2   | Noticed an eight-headed hydra
 12844 | Lair:2   | Killed an eight-headed hydra
 12845 | Lair:2   | Noticed Urug
 12850 | Lair:2   | Killed Urug
 12900 | Lair:2   | Reached XP level 13. HP: 95/95 MP: 7/12
 13310 | Lair:2   | Found a hole to the Spider Nest.
 13908 | Lair:3   | Reached skill level 23 in Axes
 13915 | Lair:3   | Found a staircase to the Swamp.
 15291 | Lair:4   | Received a gift from Trog
 15338 | Lair:4   | Reached skill level 15 in Armour
 15706 | Lair:4   | Found a staircase to the Slime Pits.
 15859 | Lair:5   | Entered Level 5 of the Lair of Beasts
 15876 | Lair:5   | Reached skill level 24 in Axes
 15876 | Lair:5   | Reached XP level 14. HP: 102/102 MP: 9/13
 16464 | Lair:5   | Identified the +1 robe "Riumalih" {rElec Regen+ rCorr
                  | Str-2}
 16521 | Lair:5   | Received a gift from Trog
 17277 | Lair:5   | Found a large runed translucent door.
 17279 | Lair:5   | Reached skill level 25 in Axes
 17495 | Lair:5   | Found a large runed translucent door.
 18047 | D:13     | Noticed Maurice
 18058 | D:13     | Killed Maurice
 18485 | D:13     | Found a gate to the Vaults.
 18489 | D:13     | Reached XP level 15. HP: 104/107 MP: 6/14
 19153 | D:14     | Found Ineupen's General Store.
 19229 | D:14     | Identified the +1 robe "Plog" {Fly rElec}
 19342 | D:14     | Reached ****** piety under Trog
 19610 | D:14     | Found Gukki's Distillery.
 19648 | D:14     | Found Aheumo Podu's Assorted Antiques.
 19662 | D:14     | Bought a scroll of brand weapon for 351 gold pieces
 19793 | D:15     | Entered Level 15 of the Dungeon
 20052 | Spider:1 | Entered Level 1 of the Spider Nest
 20361 | Spider:1 | Received a gift from Trog
 20642 | Spider:1 | Reached skill level 26 in Axes
 20749 | Spider:1 | Noticed an emperor scorpion
 21011 | Spider:1 | Killed an emperor scorpion
 21635 | Spider:2 | Received a gift from Trog
 21861 | Spider:2 | Noticed an emperor scorpion
 21873 | Spider:2 | Killed an emperor scorpion
 22316 | Spider:2 | Reached XP level 16. HP: 97/115 MP: 11/15
 22733 | Spider:3 | Reached skill level 27 in Axes
 22739 | Spider:3 | Blown up by an orb spider

Illustrated notes

Levels and vault maps discovered:
D:1:      tarquinn_simple_flora_water_d, layout_rooms, serial_shops, shop,
          corexii_item_surrounded_by_moat, grunt_decor_clamped,
          interstate_on_off, minmay_pentomino_o4
D:2:      layout_basic, serial_shops, shop, shop,
          nicolae_shop_bloodbath_and_beyond, shop, uniq_sigmund
D:3:      layout_loops_ring, shapermc_ecumenical_altar_mp_highgroup
D:4:      layout_cave_pools, nicolae_hexahallways, guppyfry_early_lair_pool,
          uniq_menkaure
D:5:      layout_loops_ring, minmay_temple_entry_junction,
          minmay_hollow_rounded_squares, uniq_pikel
D:6:      layout_loops_cross, serial_shops, nicolae_stop_n_shop_2,
          minmay_shop_damaged, hangedman_minor_gate_pass
D:7:      layout_loops_ring, grunt_qazlal_clouds, tso_metal_star,
          nicolae_uskayaw_en_pointe, xom_teletrap_fun, amcnicky_altar_gilded,
          okawaru_gym_becter, elyvilon_altar_5,
          minmay_overflow_temple_star_quad, enter_bailey_1, serial_shops, shop
D:8:      layout_cave_pools, nemelex_xobeh_ov_fountains_minmay,
          serial_column_ruins, column_ruins_hut_pillars,
          column_ruins_circle_medium, column_ruins_open_small_water,
          column_ruins_open_small_water, column_ruins_open_medium,
          column_ruins_open_small, column_ruins_open_small
D:9:      layout_roguey, nicolae_ru_great_annihilating_truth, lair_entry_dummy,
          uniq_maggie, uniq_grum, uniq_gastronok
D:10:     layout_long_grid, nicolae_wu_jian_immortal_techniques, uniq_nergalle,
          uniq_harold
D:11:     layout_cave_pools, serial_column_ruins, column_ruins_hut_pillars,
          column_ruins_hut, column_ruins_grid_1, column_ruins_open_small,
          column_ruins_columns_straight, column_ruins_open_tiny,
          column_ruins_open_tiny, nicolae_trove_entry_columns,
          nicolae_hepliaklqana_monster_ancestors
D:12:     nicolae_cairo_tiling_very_big, layout_gridville, orc_david_3,
          uniq_josephine
D:13:     layout_irregular_city, david_vaults_1, nicolae_figureground_sparkle,
          uniq_maurice
D:14:     layout_rooms, serial_shops, nicolae_lakefront_shop,
          nicolae_shop_hallway_plus, shop, hangedman_decor_slide_cut
D:15:     grunt_enter_depths_hoard, layout_loops_corners, nrook_mini_vaults,
          serial_ice, serial_ice_i, serial_ice_g, serial_ice_m, serial_ice_d,
          serial_ice_e, hangedman_corner_corridor, uniq_jorgrun
Lair:1:   layout_cave_shapes, uniq_joseph
Lair:2:   layout_chaotic_city, spider_nest_entry_funnel_web,
          serial_bayou_pond_c, nicolae_quartered_pool_medium,
          grunt_megastairs_2, lemuel_fruit_tree, uniq_urug
Lair:3:   layout_hall_layers, minmay_swamp_entry_swarm
Lair:4:   layout_regular_city, dpeg_slime_entry_enclosed
Lair:5:   cheibrodos_lair_end_hotspot, layout_regular_city,
          bobbens_ice_dragon_lair
Spider:1: layout_cave_pods, guppyfry_spider_mini_3
Spider:2: lemuel_spider_zombies
Spider:3: layout_spider_delve

Skill      XL: |  1  2  3  4  5  6  7  8  9 10 11 12 13 14 15 16 |
---------------+-------------------------------------------------+-----
Axes           | 4 5 6 8 9 11 14 17 19 21 22 24 25 26 27 | 27.0
Armour         | 8 12 15 17 20 | 20.2
Fighting       | |  3.6
Dodging        | |  2.1

Action                   |  1- 3 |  4- 6 |  7- 9 | 10-12 | 13-15 | 16-18 || total
-------------------------+-------+-------+-------+-------+-------+-------++-------
Melee: Hand axe          |    88 |    22 |       |       |       |       ||   110
       Headbutt          |     7 |    11 |    23 |    47 |   122 |     7 ||   217
       War axe           |       |    56 |   171 |    48 |       |       ||   275
       Punch             |       |       |     2 |       |       |       ||     2
       Executioner's axe |       |       |       |   198 |   533 |    34 ||   765
Throw: Dart              |       |       |       |       |     8 |       ||     8
Invok: Berserk           |       |     3 |     1 |     2 |     1 |       ||     7
Evoke: Wand              |       |       |       |       |    10 |       ||    10
  Use: Scroll            |       |       |    23 |     8 |     7 |       ||    38
       Potion            |       |       |     1 |       |     4 |     1 ||     6
 Stab: Distracted        |       |     1 |       |     6 |    13 |       ||    20
       Paralysed         |       |       |       |     1 |       |       ||     1
Armor: Animal skin       |    11 |       |       |       |       |       ||    11
       Scale mail        |    34 |    33 |    32 |       |       |       ||    99
       Plate armour      |       |       |    59 |   179 |   566 |    32 ||   836
Dodge: Dodged            |    50 |    45 |    52 |   103 |   246 |    19 ||   515
